 Dungeon Crawl Stone Soup version 0.30-a0-585-g93115170b9 (webtiles) character file.

Game seed: 1673607640181497531

3357 karrick the Nimble (level 10, -4/77 HPs)
             Began as a Gnoll Gladiator on Jan 1, 2023.
             Was a Believer of Okawaru.
             Killed from afar by Maggie (20 damage)
             ... with a bolt of fire
             ... on level 8 of the Dungeon.
             The game lasted 00:13:49 (7792 turns).

karrick the Nimble (Gnoll Gladiator)                Turns: 7792, Time: 00:13:50

Health: -4/77      AC: 22    Str: 13    XL:     10   Next: 3%
Magic:  17/17      EV: 13    Int:  9    God:    Okawaru [**....]
Gold:   498        SH:  0    Dex: 17    Spells: 19/19 levels left

rFire   . . .      SeeInvis .    o - +4 spear (pain)
rCold   + . .      Faith    .    (no shield)
rNeg    . . .      Spirit   .    u - +4 scale mail {Will+}
rPois   .          Reflect  .    t - +2 helmet
rElec   .          Harm     .    n - +1 cloak
rCorr   .          Rampage  .    C - +0 pair of gloves
Will    +....                    (no boots)
Stlth   ++                       (no amulet)
HPRegen 0.32/turn                j - ring of protection from cold
MPRegen 0.15/turn                G - +4 ring of protection

@: no status effects
A: fangs 1, strong nose, distributed training
a: Renounce Religion, Heroism


You were on level 8 of the Dungeon.
You worshipped Okawaru.
Okawaru was pleased with you.
You visited 2 branches of the dungeon, and saw 9 of its levels.

You collected 498 gold pieces.

Inventory:

Hand Weapons
 a - a +0 war axe
 c - a +0 dagger of venom
 o - a +4 spear of pain (weapon)
 F - a +1 flail of freezing
Missiles
 d - 3 throwing nets (quivered)
 e - 3 javelins
 x - 6 boomerangs
Armour
 b - a +0 leather armour
 n - a +1 cloak (worn)
 t - a +2 helmet (worn)
 u - a +4 scale mail of willpower (worn)
 C - a +0 pair of gloves (worn)
Jewellery
 j - a ring of protection from cold (left hand)
 G - a +4 ring of protection (right hand)
 I - a ring of wizardry
 K - a ring of flight
Wands
 w - a wand of iceblast (13)
 H - a wand of mindburst (12)
Scrolls
 i - 11 scrolls of identify
 q - a scroll of summoning
 s - a scroll of acquirement {unknown}
 v - 2 scrolls of teleportation
 y - a scroll of magic mapping {unknown}
 A - 2 scrolls of noise {unknown}
 B - a scroll of vulnerability {unknown}
 E - a scroll of immolation {unknown}
 J - a scroll of enchant armour {unknown}
 L - a scroll of fear {unknown}
Potions
 f - 3 potions of heal wounds
 g - a potion of degeneration {unknown}
 h - 2 potions of attraction {unknown}
 k - 5 potions of curing
 l - 3 potions of resistance {unknown}
 m - 2 potions of mutation {unknown}
 p - 3 potions of lignification {unknown}
 r - a potion of flight {unknown}
 z - 2 potions of invisibility {unknown}
 D - a potion of haste


   Skills:
 + Level 6.9 Fighting
 + Level 5.0 Short Blades
 + Level 5.0 Long Blades
 + Level 8.3 Axes
 + Level 5.0 Maces & Flails
 + Level 5.0 Polearms
 + Level 5.0 Staves
 + Level 5.0 Ranged Weapons
 + Level 6.9 Throwing
 + Level 5.0 Armour
 + Level 8.3 Dodging
 + Level 5.0 Stealth
 + Level 5.0 Shields
 + Level 5.0 Unarmed Combat
 + Level 5.0 Spellcasting
 + Level 4.1 Conjurations
 + Level 4.1 Hexes
 + Level 4.1 Summonings
 + Level 4.1 Necromancy
 + Level 4.1 Translocations
 + Level 4.1 Transmutations
 + Level 4.1 Fire Magic
 + Level 4.1 Ice Magic
 + Level 4.1 Air Magic
 + Level 4.1 Earth Magic
 + Level 4.1 Poison Magic
 + Level 5.5 Invocations
 + Level 5.0 Evocations


You had 19 spell levels left.
You didn't know any spells.
Your spell library contained the following spells:

 Spells                   Type           Power      Damage    Failure   Level
 Cigotuvi's Dreadful Rot  Necr/Pois/Air  18%        N/A       28%         2
 Poisonous Vapours        Pois/Air       18%        N/A       28%         2
 Mephitic Cloud           Conj/Pois/Air  9%         N/A       50%         3
 Stone Arrow              Conj/Erth      18%        3d8       50%         3
 Passage of Golubria      Tloc           9%         N/A       88%         4
 Yara's Violent Unravell  Hex/Tmut       4%         3d4       99%         5
 Lehudib's Crystal Spear  Conj/Erth      4%         10d3      100%        8
 Tukima's Dance           Hex            Unusable   N/A       N/A         3
 Animate Armour           Summ/Erth      Unusable   N/A       N/A         4

Dungeon Overview and Level Annotations

Branches:
Dungeon (8/15)             Temple (1/1) D:5
   Lair: D:8-11

Altars:
Ashenzari
Cheibriados
Elyvilon
Fedhas
Gozag
Hepliaklqana
Kikubaaqudgha
Makhleb
Okawaru
Qazlal
Ru
Sif Muna
Trog
Uskayaw
Vehumet
Wu Jian
Xom
The Shining One

Annotations:
D:8 Maggie


Innate Abilities, Weirdness & Mutations

You have very sharp teeth.
Your uncanny sense of smell can sniff out nearby items.
Your experience applies equally to all skills.


Message History

The water moccasin barely misses you.
You hit the water moccasin.
The water moccasin writhes in agony.
The water moccasin is almost dead.
The water moccasin bites you but does no damage.
You closely miss the water moccasin.
The water moccasin is almost dead.
The water moccasin bites you but does no damage.
You barely miss the water moccasin. You punch the water moccasin.
You kill the water moccasin!
Okawaru accepts your kill.
Your life force feels restored.
You have reached level 10!
HP restored.
L - a scroll labelled JESAMYANEYDD
A - 2 scrolls labelled LIPNUCLUBBI (gained 1)
You now have 498 gold pieces (gained 22).
Maggie the Vainglorious comes into view.
She is wielding a +0 halberd and carrying a wand of light (14).
Maggie is nearby!
Maggie is nearby!
Maggie shouts!
Maggie casts a spell at you. The bolt of fire misses you.
Maggie zaps a wand.
The bolt of light hits you!
You are confused.
You are too confused!
You are too confused!
You are too confused!
You bump into the rock wall.
Maggie casts a spell at you. The bolt of fire hits you!!
You bump into the rock wall.
You feel less confused.
Maggie shouts, "Leave me alone!"
Maggie points at you and mumbles some strange words.
The bolt of fire hits you!!
* * * LOW HITPOINT WARNING * * *
You feel better.
Maggie points at you and mumbles some strange words.
The bolt of fire hits you!!
You die...

#.<........# ..
#..........## ..
#......†....#
#.#
#...........##..
######.......#.#
#...#...#.#
#...#.....##
#...#.#.#..#
#.......@..#
.........#.#
...###...#...
.## ∆###@. #...
∆ ∆##.# ....
♣#.. .# #.. # ..


You could see Maggie.

Vanquished Creatures
  Sigmund (D:2)
  2 wyverns
  A water moccasin (D:8)
  A black bear (D:6)
  An ice beast (D:7)
  4 ogres
  2 centaurs (D:7)
  A phantom (D:4)
  2 kobold brigands (D:6)
  3 necrophages
  2 gnoll sergeants (D:7)
  A bullfrog (D:7)
  4 scorpions
  3 wights (D:7)
  3 killer bees (D:7)
  A howler monkey (D:4)
  6 hounds
  2 jellies
  5 orc priests
  Terence (D:2)
  Natasha (thrice) (D:2)
  2 iguanas (D:6)
  4 orc wizards
  Robin (D:2)
  12 gnolls
  6 adders
  2 shadow imps
  A white imp (D:4)
  5 worms
  3 dart slugs
  14 orcs
  2 bats
  7 endoplasms
  7 giant cockroaches
  13 hobgoblins
  5 jackals
  15 kobolds
  3 quokkas
  5 ball pythons
  15 goblins
  11 rats
182 creatures vanquished.

Vanquished Creatures (others)
  A fungus (D:5)
  4 withered plants (D:6)
5 creatures vanquished.

Grand Total: 187 creatures vanquished

Notes
Turn   | Place    | Note
-------+----------+-------------------------------------------
     0 | D:1      | karrick the Gnoll Gladiator began the quest for the Orb.
     0 | D:1      | Reached XP level 1. HP: 20/20 MP: 1/1
   147 | D:1      | Reached XP level 2. HP: 23/26 MP: 2/2
   739 | D:2      | Noticed Natasha
   739 | D:2      | You fall into a shaft and drop 2 floors!
   761 | D:4      | Noticed a scorpion
   770 | D:4      | Reached skill level 1 in Short Blades
   770 | D:4      | Reached skill level 1 in Long Blades
   770 | D:4      | Reached skill level 1 in Maces & Flails
   770 | D:4      | Reached skill level 1 in Polearms
   770 | D:4      | Reached skill level 1 in Staves
   770 | D:4      | Reached skill level 1 in Ranged Weapons
   770 | D:4      | Reached skill level 1 in Armour
   770 | D:4      | Reached skill level 1 in Stealth
   770 | D:4      | Reached skill level 1 in Shields
   770 | D:4      | Reached skill level 1 in Unarmed Combat
   770 | D:4      | Reached skill level 1 in Spellcasting
   770 | D:4      | Reached skill level 1 in Invocations
   770 | D:4      | Reached skill level 1 in Evocations
   770 | D:4      | Reached XP level 3. HP: 24/31 MP: 2/4
   775 | D:4      | Killed a scorpion
   776 | D:4      | Reached skill level 1 in Conjurations
   776 | D:4      | Reached skill level 1 in Hexes
   776 | D:4      | Reached skill level 1 in Summonings
   776 | D:4      | Reached skill level 1 in Necromancy
   776 | D:4      | Reached skill level 1 in Translocations
   776 | D:4      | Reached skill level 1 in Transmutations
   776 | D:4      | Reached skill level 1 in Fire Magic
   776 | D:4      | Reached skill level 1 in Ice Magic
   776 | D:4      | Reached skill level 1 in Air Magic
   776 | D:4      | Reached skill level 1 in Earth Magic
   776 | D:4      | Reached skill level 1 in Poison Magic
   776 | D:4      | Reached XP level 4. HP: 16/38 MP: 2/6
   863 | D:2      | Noticed Robin
   888 | D:2      | You fall into a shaft and drop 2 floors!
   927 | D:3      | Reached XP level 5. HP: 39/43 MP: 7/7
  1679 | D:2      | Killed Natasha
  1741 | D:2      | Noticed Natasha
  1756 | D:2      | Killed Natasha
  1835 | D:2      | Reached XP level 6. HP: 50/50 MP: 8/8
  1999 | D:2      | Noticed Natasha
  2024 | D:2      | Killed Natasha
  2025 | D:2      | Reached skill level 5 in Fighting
  2025 | D:2      | Reached skill level 5 in Throwing
  2030 | D:2      | Killed Robin
  2159 | D:2      | Noticed Terence
  2171 | D:2      | Killed Terence
  2216 | D:2      | Noticed Sigmund
  2230 | D:2      | Killed Sigmund
  2231 | D:2      | Reached XP level 7. HP: 36/56 MP: 10/10
  3452 | D:5      | Entered Level 5 of the Dungeon
  3503 | D:4      | Reached XP level 8. HP: 60/63 MP: 12/12
  3912 | D:5      | Found a staircase to the Ecumenical Temple.
  3964 | Temple   | Entered the Ecumenical Temple
  4210 | Temple   | Became a worshipper of Warmaster Okawaru
  4396 | D:5      | Found a hide-covered altar of Uskayaw.
  4772 | D:6      | Noticed a wyvern
  4810 | D:6      | Killed a wyvern
  5293 | D:7      | Reached * piety under Okawaru
  5466 | D:6      | Reached XP level 9. HP: 69/69 MP: 14/14
  5598 | D:6      | Found an ancient bone altar of Kikubaaqudgha.
  6616 | D:7      | Reached ** piety under Okawaru
  6617 | D:7      | Reached skill level 5 in Invocations
  7596 | D:7      | Reached skill level 5 in Short Blades
  7596 | D:7      | Reached skill level 5 in Long Blades
  7596 | D:7      | Reached skill level 5 in Maces & Flails
  7596 | D:7      | Reached skill level 5 in Polearms
  7596 | D:7      | Reached skill level 5 in Staves
  7596 | D:7      | Reached skill level 5 in Ranged Weapons
  7596 | D:7      | Reached skill level 5 in Armour
  7596 | D:7      | Reached skill level 5 in Stealth
  7596 | D:7      | Reached skill level 5 in Shields
  7596 | D:7      | Reached skill level 5 in Unarmed Combat
  7596 | D:7      | Reached skill level 5 in Spellcasting
  7596 | D:7      | Reached skill level 5 in Evocations
  7763 | D:8      | Reached XP level 10. HP: 74/77 MP: 17/17
  7786 | D:8      | Noticed Maggie
  7792 | D:8      | Killed from afar by Maggie

Illustrated notes

Levels and vault maps discovered:
D:1:      minmay_arrival_stair_chambers, layout_basic, serial_forest,
          infiniplex_forest_lined_room_3, infiniplex_forest_lined_corner,
          infiniplex_forest_end_3, infiniplex_forest_zigzag_1,
          infiniplex_forest_lined_2
D:2:      layout_basic, serial_aquarium, aquarium_bridge_long_separate
          [aquarium_subvault_window, aquarium_subvault_bridge,
          aquarium_subvault_wall, aquarium_subvault_window,
          aquarium_subvault_bridge, aquarium_subvault_bridge],
          aquarium_window_fake, aquarium_window_2, aquarium_window_corner,
          aquarium_view_2f, aquarium_balcony_3b, minmay_rat_gold_closets,
          uniq_terence, uniq_natasha, uniq_robin, uniq_sigmund
D:3:      layout_basic
D:4:      layout_loops_ring
D:5:      layout_rooms, mainiacjoe_overflow_boulevard, minmay_temple_entry_glass
D:6:      layout_cave_pools, kiku_gazebo_garden_becter
D:7:      layout_basic, minmay_stone_trees_small
D:8:      cheibrodos_iron_armory, layout_rooms, grunt_dithmenos_smoke,
          jmf_multi_god_temple2, serial_shops, nicolae_shop_crystal, hex_tiny,
          uniq_maurice, uniq_maggie, uniq_joseph
Temple:   kb_temple_of_zot

Skill      XL: |  1  2  3  4  5  6  7  8  9 |
---------------+----------------------------+-----
Short Blades   | 1 2 3 5 |  5.0
Long Blades    | 1 2 3 5 |  5.0
Maces & Flails | 1 2 3 5 |  5.0
Polearms       | 1 2 3 5 |  5.0
Staves         | 1 2 3 5 |  5.0
Ranged Weapons | 1 2 3 5 |  5.0
Armour         | 1 2 3 5 |  5.0
Stealth        | 1 2 3 5 |  5.0
Shields        | 1 2 3 5 |  5.0
Unarmed Combat | 1 2 3 5 |  5.0
Spellcasting   | 1 2 3 5 |  5.0
Invocations    | 1 2 3 4 5 |  5.5
Evocations     | 1 2 3 5 |  5.0
Conjurations   | 1 2 3 4 |  4.1
Hexes          | 1 2 3 4 |  4.1
Summonings     | 1 2 3 4 |  4.1
Necromancy     | 1 2 3 4 |  4.1
Translocations | 1 2 3 4 |  4.1
Transmutations | 1 2 3 4 |  4.1
Fire Magic     | 1 2 3 4 |  4.1
Ice Magic      | 1 2 3 4 |  4.1
Air Magic      | 1 2 3 4 |  4.1
Earth Magic    | 1 2 3 4 |  4.1
Poison Magic   | 1 2 3 4 |  4.1
Fighting       | 5 6 |  6.9
Throwing       | 5 6 |  6.9
Axes           | 7 8 |  8.3
Dodging        | 7 8 |  8.3

Action                   |  1- 3 |  4- 6 |  7- 9 | 10-12 || total
-------------------------+-------+-------+-------+-------++-------
Melee: War axe           |    52 |   136 |       |       ||   188
       Bite              |     6 |    17 |    96 |       ||   119
       Punch             |     1 |     5 |    27 |       ||    33
       Unarmed           |       |     6 |       |       ||     6
       Dagger            |       |    25 |   462 |       ||   487
       Spear             |       |       |   301 |       ||   301
  Use: Scroll            |       |       |     4 |       ||     4
       Potion            |       |       |       |     1 ||     1
 Stab: Sleeping          |     1 |     7 |     2 |       ||    10
Armor: Leather armour    |    15 |    42 |       |       ||    57
       Scale mail        |       |       |   354 |       ||   354
Dodge: Dodged            |    35 |   114 |   484 |     1 ||   634

Table legend: (Time is in decaauts)
 A = Elapsed time spent in this place.
 B = Non-inter-level travel time spent in this place.
 C = Inter-level travel time spent in this place.
 D = Time resting spent in this place.
 E = Time spent auto-exploring this place.
 F = Levels seen in this place.
 G = Mean time per level.
                   A        B        C        D        E       F      G
               +--------+--------+--------+--------+--------+-----+--------+
         Total |   7736 |   7429 |    307 |   1206 |   4583 |   9 |  859.6 |
       Dungeon |   7460 |   7197 |    263 |   1206 |   4364 |   8 |  932.5 |
        Temple |    275 |    231 |     44 |      0 |    219 |   1 |  275.0 |
               +--------+--------+--------+--------+--------+-----+--------+

Top non-repeatable levels by time:
     D:7: 2019 daAuts
     D:4: 1278 daAuts
     D:2: 1137 daAuts
     D:6: 895 daAuts
     D:1: 750 daAuts
     D:3: 688 daAuts
     D:5: 648 daAuts
  Temple: 275 daAuts
     D:8: 42 daAuts
